 Dungeon Crawl Stone Soup version 0.27-a0-1228-gfd60fd639a (webtiles) character file.

Game seed: 16051309883421473378

14828 ENCue the Blocker (level 12, -7/69 HPs)
             Began as a Vine Stalker Fighter on June 7, 2021.
             Was a Believer of Yredelemnul.
             Mangled by a merfolk
             ... wielding a +0 trident
              (21 damage)
             ... on level 2 of the Lair of Beasts.
             The game lasted 01:39:41 (12947 turns).

ENCue the Blocker (Vine Stalker Fighter)           Turns: 12947, Time: 01:39:52

Health: -7/69      AC: 10    Str: 21    XL:     12   Next: 20%
Magic:  0/13       EV: 10    Int: 11    God:    Yredelemnul [**....]
Gold:   1413       SH: 13    Dex: 22    Spells: 11/11 levels left

rFire    . . .     SeeInvis .     - Unarmed
rCold    . . .     Faith    .   b - +0 kite shield
rNeg     . . .     Spirit   +   J - +0 steam dragon scales
rPois    +         Reflect  .   l - +1 helmet
rElec    .         Harm     .   y - scarf {repulsion}
rCorr    .         Rampage  +   A - +0 pair of gloves
Will     +....                  n - +1 pair of boots
Stlth    +++++.....             a - amulet "Wuadgh" {Spirit Rampage Str+2}
HPRegen  1.21/turn              d - ring of poison resistance
MPRegen  0.13/turn              K - +6 ring of dexterity

@: about to teleport, repel missiles
A: fangs 3, regeneration 1, magic shield, antimagic bite, no potion heal 2
a: Renounce Religion, Animate Remains, Recall Undead Slaves, Injury Mirror


You were on level 2 of the Lair of Beasts.
You worshipped Yredelemnul.
Yredelemnul was pleased with you.
You visited 3 branches of the dungeon, and saw 15 of its levels.
You also visited: Sewer.

You collected 1467 gold pieces.
You spent 54 gold pieces at shops.

Inventory:

Missiles
 c - 4 silver boomerangs
 o - 2 curare-tipped darts
 s - 38 poisoned darts (quivered)
 E - 14 boomerangs
 F - 3 atropa-tipped darts
Armour
 b - a +0 kite shield (worn)
 l - a +1 helmet (worn)
 n - a +1 pair of boots (worn)
 y - a scarf of repulsion (worn)
 A - a +0 pair of gloves (worn)
 J - +0 steam dragon scales (worn)
Jewellery
 a - the amulet "Wuadgh" (around neck) {Spirit Rampage Str+2}
   (You found it on level 8 of the Dungeon)

   [amulet of guardian spirit]

   It causes incoming damage to be divided between your reserves of health and
   magic.
   It affects your strength (+2).
   It bestows one free step when moving towards enemies.
 d - a ring of poison resistance (left hand)
 k - a ring of willpower
 t - a +4 ring of evasion
 v - an amulet of the acrobat
 K - a +6 ring of dexterity (right hand)
 L - a ring of ice
Wands
 e - a wand of flame (10)
 z - a wand of iceblast (16)
Scrolls
 i - a scroll of teleportation
 u - a scroll of fog {unknown}
 B - a scroll of holy word {unknown}
 D - a scroll of immolation {unknown}
 G - a scroll of magic mapping
 I - 2 scrolls of enchant weapon {unknown}
Potions
 g - a potion of lignification {unknown}
 h - 2 potions of heal wounds
 j - 2 potions of haste
 p - 5 potions of flight
 q - 4 potions of ambrosia
 r - a potion of magic
 w - 2 potions of brilliance
 x - a potion of curing
 C - a potion of attraction
 H - a potion of invisibility {unknown}
Miscellaneous
 f - a phantom mirror (inert)
 m - a lightning rod (2/4)


   Skills:
 * Level 10.7 Fighting
 - Level 2.4 Armour
 + Level 10.3 Stealth
 * Level 10.7 Shields
 + Level 8.3 Unarmed Combat


You had 11 spell levels left.
You didn't know any spells.
Your spell library contained the following spells:

 Spells                   Type           Power      Damage    Failure   Level
 Corona                   Hex            0%         N/A       52%         1
 Freeze                   Ice            0%         1d3       52%         1
 Magic Dart               Conj           0%         1d3       52%         1
 Blink                    Tloc           N/A        N/A       67%         2
 Call Imp                 Summ           0%         N/A       67%         2
 Ensorcelled Hibernation  Hex/Ice        0%         N/A       67%         2
 Slow                     Hex            0%         N/A       67%         2
 Confusing Touch          Hex            0%         N/A       88%         3
 Conjure Flame            Conj/Fire      0%         6-21      88%         3
 Dazzling Flash           Conj/Hex       0%         N/A       88%         3
 Frozen Ramparts          Ice            0%         1d2       88%         3
 Gell's Gravitas          Tloc           0%         N/A       88%         3
 Mephitic Cloud           Conj/Pois/Air  0%         N/A       88%         3
 Ozocubu's Armour         Ice            0%         N/A       88%         3
 Tukima's Dance           Hex            0%         N/A       88%         3
 Hailstorm                Conj/Ice       0%         3d3       99%         4
 Petrify                  Tmut/Erth      0%         N/A       99%         4
 Metabolic Englaciation   Hex/Ice        0%         N/A       100%        5
 Yara's Violent Unravell  Hex/Tmut       0%         3d3       100%        5


Dungeon Overview and Level Annotations

Branches:
Dungeon (11/15)            Temple (0/1) D:7            Lair (2/6) D:10
  Snake (0/4) Lair:2          Orc (2/2) D:9           Sewer (visited)
  Swamp: Lair:2-4    Shoals: Lair:2-4       Elf: Orc:2

Altars:
Elyvilon
Makhleb
Okawaru
Trog
Uskayaw
Yredelemnul
Zin
The Shining One
Beogh

Shops:
D:7 *   D:8 *

Annotations:
D:3 3 runed translucent doors, bmj180's ghost, amateur HOFi; slayr's ghost, amateur OgBe
D:5 3 runed translucent doors, PeterLawrence's ghost, novice MiFi


Innate Abilities, Weirdness & Mutations

You have razor-sharp teeth.
Your natural rate of healing is unusually fast.
When hurt, damage is shared between your health and your magic reserves.
Your bite disrupts and absorbs the magic of your enemies.
Potions cannot restore your health.


Message History

You closely miss the merfolk siren.
You bite the merfolk siren, but do no damage.
The merfolk siren is heavily wounded.
The merfolk closely misses you. You block the merfolk siren's attack.
The merfolk siren falters for a moment.
You barely miss the merfolk siren.
The merfolk siren is severely wounded.
The merfolk hits you from afar with a +0 trident.
You block the merfolk siren's attack.
The merfolk siren chants its luring song.
You hit the merfolk siren. You bite the merfolk siren.
The merfolk siren's magic leaks into the air.
You drain its magic.
You feel invigorated.
The merfolk siren is severely wounded.
The merfolk hits you from afar with a +0 trident! x2
The merfolk siren closely misses you.
The merfolk siren chants its luring song.
You punch the merfolk siren! Your bite misses the merfolk siren.
The merfolk siren is almost dead.
The merfolk hits you from afar with a +0 trident!
You block the merfolk's attack.
The merfolk siren hits you from afar with a +0 spear!
* * * LOW HITPOINT WARNING * * *
The merfolk siren falters for a moment.
Okay, then.
As you read the scroll of teleportation, it crumbles to dust.
You feel strangely unstable. You block the merfolk's attack.
The merfolk hits you from afar with a +0 trident!
* * * LOW HITPOINT WARNING * * *
The merfolk siren hits you but does no damage.
The merfolk siren chants its luring song.
Okay, then.
You have no ailments to cure.
You closely miss the merfolk siren. You bite the merfolk siren.
You are no longer entranced.
You kill the merfolk siren!
Yredelemnul accepts your kill.
The merfolk hits you from afar with a +0 trident!!
You die...
Your body rises from the dead as a mindless zombie.

#...>................#
.....................#
##..#.....##.######..##
#..#.#............P...#
#....................##
.....#............#...#
P...##....#.......#..#.#
P...#.....#.......m..###
#....#..........@)m.(#
##.#.#............m(..#
#.........P......###.(#
..........P.#.P.## .≈##
................# ≈m#
.......<......<.# .(##
##.#...........## ≈m
#####.....P.#.. #m#
>........#### #


You could see 2 merfolk and a merfolk siren.

Vanquished Creatures
  Harold (D:10)
  2 hydras
  A cyclops (Orc:2)
  A merfolk siren (Lair:2)
  A cane toad (Lair:2)
  A queen bee (Lair:1)
  2 trolls
  Grinder (D:6)
  A polar bear (Lair:1)
  7 yaks
  2 basilisks
  A wraith (D:9)
  2 wyverns
  A steam dragon (D:7)
  4 nagas (Lair:2)
  2 wargs (Orc:1)
  9 water moccasins
  2 acid dragons
  Purgy (D:3)
  3 black bears
  13 orc warriors
  2 necrophages
  5 wolves
  2 centaurs
  9 ogres
  A phantom (D:4)
  6 kobold brigands
  5 bullfrogs
  A scorpion (D:4)
  A gnoll sergeant (D:10)
  24 killer bees (Lair:1)
  6 wights
  3 howler monkeys (D:8)
  A centaur zombie (D:9)
  A hound (D:6)
  7 orc priests
  2 centaur skeletons
  2 jellies
  Jessica (D:3)
  3 iguanas
  4 orc wizards
  2 hound skeletons
  Robin (D:3)
  A howler monkey skeleton (D:5)
  4 adders
  3 gnolls (D:10)
  A river rat (Sewer)
  2 shadow imps (D:7)
  A white imp (D:5)
  An ufetubus (D:6)
  3 worms
  3 dart slugs
  47 orcs
  9 endoplasms
  6 giant cockroaches
  14 goblins
  17 hobgoblins
  6 jackals
  6 quokkas
  5 ball pythons
  17 bats
  5 frilled lizards
  25 kobolds
  12 rats
335 creatures vanquished.

Vanquished Creatures (collateral kills)
  Fannar (D:10)
  A kobold demonologist (D:9)
  A shadow (D:10)
  A wyvern (D:10)
  A steam dragon (D:6)
  An orc warrior (D:10)
  An ice beast (D:6)
  An ogre (D:7)
  3 wolves
  A centaur (D:8)
  4 killer bees (D:10)
  An electric eel (D:8)
  2 orc priests (D:8)
  A bullfrog skeleton (D:7)
  A jelly (D:7)
  2 orc wizards (D:8)
  A howler monkey zombie (D:10)
  2 gnolls (D:10)
  6 orcs
  5 kobolds
37 creatures vanquished.

Vanquished Creatures (others)
  2 vampires (D:10)
  2 wights
  2 mummies
  2 water moccasin skeletons (D:10)
  A water moccasin zombie (Lair:1)
  A wyvern skeleton (D:10)
  An orc (D:8)
  A yak zombie (Lair:1)
  A basilisk skeleton (D:10)
  2 black bear skeletons (D:10)
  A gnoll zombie (D:10)
  A howler monkey zombie (D:8)
  An iguana skeleton (D:10)
  A kobold zombie (D:8)
  An ogre zombie (Orc:2)
  8 orc zombies (Orc:2)
  A wolf skeleton (D:10)
  2 fungi (D:10)
  14 plants
  3 withered plants (D:3)
48 creatures vanquished.

Grand Total: 420 creatures vanquished

Notes
Turn   | Place    | Note
-------+----------+-------------------------------------------
     0 | D:1      | ENCue the Vine Stalker Fighter began the quest for the Orb.
     0 | D:1      | Reached XP level 1. HP: 11/11 MP: 2/2
   111 | D:1      | Found a faded altar of an unknown god.
   126 | D:1      | Reached XP level 2. HP: 14/16 MP: 1/3
   131 | D:1      | Became a worshipper of Yredelemnul the Dark
   131 | D:1      | Reached * piety under Yredelemnul
   233 | D:1      | Reached skill level 1 in Stealth
   268 | D:1      | Reached XP level 3. HP: 7/20 MP: 2/4
   858 | D:2      | Reached ** piety under Yredelemnul
  1153 | D:2      | Gained mutation: Your natural rate of healing is unusually
                  | fast. [Vine Stalker growth]
  1153 | D:2      | Reached XP level 4. HP: 16/24 MP: 3/5
  1735 | D:3      | Noticed Purgy
  1740 | D:3      | Killed Purgy
  1741 | D:3      | Reached XP level 5. HP: 25/29 MP: 6/6
  1850 | D:3      | Noticed Jessica
  1856 | D:3      | Killed Jessica
  1857 | D:3      | Reached XP level 6. HP: 33/33 MP: 7/7
  1893 | D:3      | Found a hide-covered altar of Uskayaw.
  1896 | D:3      | Found a burning altar of Makhleb.
  1986 | D:3      | Found a runed translucent gate.
  2074 | D:3      | Noticed a water moccasin
  2090 | D:3      | Killed a water moccasin
  2309 | D:3      | Noticed Robin
  2327 | D:3      | Killed Robin
  2409 | D:3      | Found a runed translucent gate.
  2409 | D:3      | Noticed slayr's ghost (amateur OgBe)
  2409 | D:3      | Noticed bmj180's ghost (amateur HOFi)
  2413 | D:3      | Found a runed translucent gate.
  2643 | D:4      | Found a white marble altar of Elyvilon.
  2649 | D:4      | Reached XP level 7. HP: 38/38 MP: 8/8
  3005 | D:4      | Found a glowing drain.
  3019 | D:4      | Reached *** piety under Yredelemnul
  3026 | Sewer    | Entered a sewer
  3113 | Sewer    | Reached skill level 5 in Fighting
  3113 | Sewer    | Reached skill level 5 in Shields
  3161 | Sewer    | Found a white marble altar of Elyvilon.
  3353 | D:4      | Gained mutation: You have razor-sharp teeth. [Vine Stalker
                  | growth]
  3353 | D:4      | Reached XP level 8. HP: 41/43 MP: 9/9
  3527 | D:5      | Entered Level 5 of the Dungeon
  3766 | D:5      | Found a runed translucent gate.
  3767 | D:5      | Found a runed translucent gate.
  3767 | D:5      | Found a runed translucent gate.
  3770 | D:5      | Noticed PeterLawrence's ghost (novice MiFi)
  3772 | D:5      | Identified the +1 leather armour of Sophism {Str+4}
  4010 | D:5      | Reached skill level 5 in Stealth
  4038 | D:5      | Found Vionesin's Book Shop.
  4687 | D:6      | Noticed Grinder
  4701 | D:6      | Killed Grinder
  4802 | D:6      | Reached **** piety under Yredelemnul
  4802 | D:6      | Received a gift from Yredelemnul (a mummy)
  4870 | D:6      | Reached XP level 9. HP: 49/49 MP: 10/10
  4950 | D:6      | HP: 1/49 [wyvern (3)]
  5087 | D:6      | Reached skill level 5 in Unarmed Combat
  5632 | D:7      | Found a staircase to the Ecumenical Temple.
  5635 | D:7      | You fall into a shaft and drop 1 floor!
  5722 | D:8      | Received a gift from Yredelemnul (a wight)
  5980 | D:7      | Found a glowing golden altar of the Shining One.
  6254 | D:7      | Found Uppyoz's Assorted Antiques.
  6259 | D:7      | Bought a scroll of identify for 54 gold pieces
  6421 | D:8      | Received a gift from Yredelemnul (a mummy)
  6478 | D:8      | Found Raphehui's General Store.
  6779 | D:8      | Identified the amulet "Wuadgh" {Spirit Rampage Str+2}
  7510 | D:8      | Found an iron altar of Okawaru.
  7553 | D:9      | Found a staircase to the Orcish Mines.
  7617 | D:9      | HP: 2/51 [orc warrior/+1 trident of flaming (11)]
  7709 | D:9      | Reached XP level 10. HP: 39/56 MP: 7/11
  7994 | D:9      | Received a gift from Yredelemnul (a wight)
  8062 | D:9      | Noticed a kobold demonologist
  8073 | D:9      | Killed a kobold demonologist
  8234 | D:9      | Found a glowing silver altar of Zin.
  8234 | D:9      | Noticed an angel
  8571 | D:9      | Found a bloodstained altar of Trog.
  8932 | D:10     | Entered Level 10 of the Dungeon
  9028 | D:10     | Received a gift from Yredelemnul (a vampire)
  9189 | D:10     | Found a staircase to the Lair.
  9444 | D:10     | Noticed Harold
  9557 | D:10     | Killed Harold
  9814 | D:10     | Reached XP level 11. HP: 45/62 MP: 12/12
  9817 | D:10     | Received a gift from Yredelemnul (a vampire)
  9885 | D:10     | Noticed Fannar
  9918 | D:10     | Killed Fannar
 10049 | D:10     | Noticed a four-headed hydra
 10066 | D:10     | Killed a four-headed hydra
 10175 | D:11     | Noticed a cyclops
 10229 | Orc:1    | Entered Level 1 of the Orcish Mines
 10276 | Lair:1   | Entered Level 1 of the Lair of Beasts
 11005 | Orc:2    | Entered Level 2 of the Orcish Mines
 11005 | Orc:2    | Noticed a cyclops
 11011 | Orc:2    | Killed a cyclops
 11191 | Orc:2    | Noticed an orc knight
 11200 | Orc:2    | Noticed an orc sorcerer
 11235 | Orc:2    | Noticed a sun demon
 11455 | Lair:1   | Identified the +3 scale mail of the Big Bang {Dex+3}
 11467 | Lair:1   | Noticed a six-headed hydra
 11496 | Lair:1   | Reached skill level 10 in Fighting
 11496 | Lair:1   | Reached skill level 10 in Shields
 12200 | Lair:1   | HP: 3/64 [poisoned by a killer bee]
 12205 | Lair:1   | HP: 3/64 [poisoned by a killer bee]
 12339 | Lair:1   | Reached skill level 10 in Stealth
 12347 | Lair:1   | Reached XP level 12. HP: 43/68 MP: 10/13
 12611 | Lair:1   | Killed a six-headed hydra
 12751 | Lair:2   | Found a staircase to the Snake Pit.
 12947 | Lair:2   | Mangled by a merfolk

Illustrated notes

Levels and vault maps discovered:
D:1:      eino_arrival_cavern_d, layout_rooms,
          ebering_ecumenical_altar_abandoned
D:2:      layout_basic
D:3:      layout_loops_ring, grunt_temple_overflow_open,
          gammafunk_ghost_cemetery, uniq_robin, uniq_purgy, uniq_jessica
D:4:      layout_rooms, lemuel_crystal_altar, gup_sewer_entry_pipe
D:5:      layout_loops_ring, serial_shops, shop_statue,
          biasface_ghost_orc_armoury
D:6:      layout_loops_corners, chequers_serial_rivers_small_3,
          minmay_misc_feat_roman, roderic_batcave,
          chequers_serial_rivers_micro_a, uniq_grinder
D:7:      layout_gridville, amcnicky_altar_gilded,
          minmay_temple_entry_mini_moons, serial_shops, shop
D:8:      layout_gridville, nicolae_overflow_hidden_temple, serial_shops,
          nicolae_shop_stone, st_stairs_12, minmay_crystal_room,
          minmay_door_square, kennysheep_dice
D:9:      layout_loops_cross, zin_angel, lemuel_doored_altar, david_orc_2,
          feat_on_display
D:10:     layout_loops_corners, minmay_lair_entry_grove, uniq_harold,
          uniq_fannar
D:11:     layout_basic, nicolae_uskayaw_suspiria, uniq_grum
Lair:1:   layout_cave_shapes, special_room [special_room_bee],
          serial_bayou_crossing
Lair:2:   layout_regular_city, elwin_shoals_entry_stream,
          minmay_snake_entry_guardpost_small
Orc:1:    layout_diamond_mine
Orc:2:    st_orc_congregation, layout_caves, serial_shops, shop

Skill      XL: |  1  2  3  4  5  6  7  8  9 10 11 |
---------------+----------------------------------+-----
Stealth        | 1 2 3 4 5 7 8 10 | 10.3
Fighting       | 3 4 5 6 7 9 10 | 10.7
Shields        | 3 4 5 6 7 9 10 | 10.7
Unarmed Combat | 3 4 5 6 8 |  8.3
Armour         | |  2.4

Action                   |  1- 3 |  4- 6 |  7- 9 | 10-12 || total
-------------------------+-------+-------+-------+-------++-------
Melee: Unarmed           |   120 |   178 |   498 |   598 ||  1394
       Bite              |    30 |    54 |   170 |   257 ||   511
Throw: Dart              |       |       |    15 |    54 ||    69
       Boomerang         |       |       |       |     5 ||     5
Invok: Animate Remains   |     1 |       |       |       ||     1
       Injury Mirror     |       |     2 |       |     7 ||     9
       Recall Undead Sla |       |     1 |       |     1 ||     2
       Animate Dead      |       |       |     2 |     6 ||     8
Evoke: Lightning rod     |       |       |       |     4 ||     4
       Phantom mirror    |       |       |       |     1 ||     1
  Use: Potion            |     1 |     1 |     1 |     6 ||     9
       Scroll            |     2 |     2 |     7 |    12 ||    23
 Stab: Sleeping          |       |       |     5 |     7 ||    12
       Distracted        |       |       |     1 |     1 ||     2
       Fleeing           |       |       |       |     1 ||     1
Armor: Scale mail        |    48 |    54 |   122 |       ||   224
       Steam dragon scal |       |       |    42 |   203 ||   245
       Chain mail        |       |       |    27 |    42 ||    69
Dodge: Dodged            |    33 |    47 |   151 |   290 ||   521
       Repelled          |       |       |     2 |     4 ||     6
Block: Kite shield       |    52 |    71 |   306 |   577 ||  1006

Table legend: (Time is in decaauts)
 A = Elapsed time spent in this place.
 B = Non-inter-level travel time spent in this place.
 C = Inter-level travel time spent in this place.
 D = Time resting spent in this place.
 E = Time spent auto-exploring this place.
 F = Levels seen in this place.
 G = Mean time per level.
                   A        B        C        D        E       F      G
               +--------+--------+--------+--------+--------+-----+--------+
         Total |  13138 |  12562 |    576 |    441 |   8776 |  16 |  821.1 |
       Dungeon |  10399 |   9881 |    518 |    197 |   7294 |  11 |  945.4 |
          Lair |   1565 |   1552 |     13 |    182 |    819 |   2 |  782.5 |
  Orcish Mines |    960 |    915 |     45 |     62 |    524 |   2 |  480.0 |
         Sewer |    212 |    212 |      0 |      0 |    138 |   1 |  212.0 |
               +--------+--------+--------+--------+--------+-----+--------+

Top non-repeatable levels by time:
     D:8: 1614 daAuts
     D:6: 1351 daAuts
    D:10: 1316 daAuts
  Lair:1: 1306 daAuts
     D:9: 1179 daAuts
     D:2: 924 daAuts
     D:3: 882 daAuts
     D:1: 831 daAuts
     D:4: 787 daAuts
     D:7: 767 daAuts
   Orc:1: 726 daAuts
     D:5: 693 daAuts
  Lair:2: 259 daAuts
   Orc:2: 233 daAuts
   Sewer: 212 daAuts
